 Dungeon Crawl Stone Soup version 0.29.1-15-g9cfb28693d (webtiles) character file.

Game seed: 3054166466686101518

54 ThatPearl the Digger (level 3, 0/28 HPs)
             Began as a Demigod Earth Elementalist on Mar 9, 2023.
             Succumbed to an adder's poison
             ... on level 1 of the Dungeon.
             The game lasted 00:04:06 (955 turns).

ThatPearl the Digger (Demigod Earth Elementalist)    Turns: 955, Time: 00:04:07

Health: 0/28       AC:  2    Str:  9    XL:     3   Next: 44%
Magic:  6/9        EV: 12    Int: 21    God:
Gold:   22         SH:  0    Dex: 14    Spells: 0/6 levels left

rFire   . . .      SeeInvis .   d - +0 trident
rCold   . . .      Faith    .   (no shield)
rNeg    . . .      Spirit   .   a - +0 robe
rPois   .          Reflect  .   (no helmet)
rElec   .          Harm     .   (no cloak)
rCorr   .          Rampage  .   (no gloves)
Will    .....                   (no boots)
Stlth   ++........              (no amulet)
HPRegen 0.09/turn               (no ring)
MPRegen 0.11/turn               (no ring)

@: lethally poisoned (0 -> -5)
A: high MP 1, forlorn, divine attributes
a: no special abilities


You were on level 1 of the Dungeon.
You visited 1 branch of the dungeon, and saw 2 of its levels.

You collected 22 gold pieces.

Inventory:

Hand Weapons
 d - a +0 trident (weapon)
Missiles
 g - 2 poisoned darts
Armour
 a - a +0 robe (worn)
Scrolls
 c - a scroll of enchant armour {unknown}
 f - a scroll of magic mapping {unknown}
 h - a scroll of brand weapon {unknown}
Potions
 b - a potion of magic
 e - a potion of haste {unknown}


   Skills:
 + Level 1.6 Fighting
 - Level 1.7 Dodging
 - Level 1.7 Stealth
 + Level 2.4 Spellcasting
 - Level 0.8 Transmutations
 + Level 3.3 Earth Magic


You couldn't memorise any spells.
You knew the following spells:

 Your Spells              Type           Power      Damage    Failure   Level
a - Sandblast             Erth           32%        2d9       3%          1
s - Stone Arrow           Conj/Erth      18%        3d8       22%         3
w - Passwall              Tmut/Erth      9%         N/A       9%          2

Your spell library contained the following spells:

 Spells                   Type           Power      Damage    Failure   Level
 Petrify                  Tmut/Erth      11%        N/A       52%         4


Dungeon Overview and Level Annotations

Branches:
Dungeon (2/15)


Innate Abilities, Weirdness & Mutations

You have an increased reservoir of magic. (+10% MP)
You shall have no god before yourself.
Your divine heritage dramatically boosts your attributes as you level up.


Message History

Aim: a gnoll, wielding a +0 whip (severely wounded, 84% to hit)
The blast of sand hits the gnoll!
You kill the gnoll!
The adder bites you but does no damage.
Unknown command.
Press: ? - help, v - describe, . - travel
Here: a gnoll, wielding a +0 halberd (unusually resistant)
The floor.
The adder attacks as you move away! The adder barely misses you.
The adder misses you. The adder attacks as you move away!
The adder barely misses you. The adder barely misses you. The adder bites you.
* * * LOW HITPOINT WARNING * * *
The kobold throws a stone.
The stone closely misses you.
Found a glowing orb.
The adder attacks as you move away! The adder bites you.
* * * LOW HITPOINT WARNING * * *
The adder closely misses you.
There is a stone staircase leading up here.
The adder bites you.
* * * LOW HITPOINT WARNING * * *
The adder barely misses you.
You climb upwards.
There is a stone staircase leading down here.
Aiming: Sandblast (safe; 3% risk of failure)
Press: ? - help, Q - select action, (/) - cycle Shift-Dir - straight line, f - adder
Aim: an adder (70% to hit)
The blast of sand hits the adder.
The adder is heavily wounded.
The adder misses you. The adder bites you.
* * * LOW HITPOINT WARNING * * *
You are lethally poisoned!
The adder poisons you!
Aiming: Sandblast (safe; 3% risk of failure)
Press: ? - help, Q - select action, (/) - cycle Shift-Dir - straight line, f/p - adder
Aim: an adder (heavily wounded, 70% to hit)
The blast of sand hits the adder.
You kill the adder!
You die...

........##........# #.
........##........# #####.
........##........##########.....
............................)###.
........##.....)............## #.
###..#####....)............#####.
##.# #####.##..........##.... #.#
#.##.............###
#.#########.#@†.........#### #
#.#......................#####
#.#.########...#######.....#..
#...# #.....#.#######........
##..# #................).....
#..####.....#.######.#.###...
#....##..........#.....#.....
#####.##..#..........#.##........
..........#................>.#...


There were no monsters in sight!

Vanquished Creatures
  2 gnolls (D:2)
  2 adders
  A dart slug (D:1)
  2 endoplasms
  A giant cockroach (D:1)
  4 goblins
  3 hobgoblins
  A ball python (D:1)
  4 bats (D:1)
  3 frilled lizards
  A kobold (D:1)
  4 rats
28 creatures vanquished.

Notes
Turn   | Place    | Note
-------+----------+-------------------------------------------
     0 | D:1      | ThatPearl the Demigod Earth Elementalist began the quest
                  | for the Orb.
     0 | D:1      | Reached XP level 1. HP: 14/14 MP: 5/5
   191 | D:1      | Reached XP level 2. HP: 22/22 MP: 4/7
   345 | D:1      | Reached skill level 1 in Fighting
   345 | D:1      | Reached skill level 3 in Earth Magic
   720 | D:1      | Learned a level 2 spell: Passwall
   793 | D:2      | Reached XP level 3. HP: 24/28 MP: 9/9
   800 | D:2      | Learned a level 3 spell: Stone Arrow
   955 | D:1      | Succumbed to an adder's poison

Illustrated notes

Levels and vault maps discovered:
D:1:      dpeg_arrival_fog, layout_rooms
D:2:      layout_basic, basic_altar, ebering_ecumenical_altar_ruins

Skill      XL: |  1  2 |
---------------+-------+-----
Spellcasting   | 2 |  2.4
Fighting       | 1 |  1.6
Earth Magic    | 3 |  3.3
Dodging        | |  1.7
Stealth        | |  1.7
Transmutations | |  0.8

Action                   || total
-------------------------++-------
Melee: Trident           ||    12
 Cast: Sandblast         ||    39
Armor: Robe              ||     4
Dodge: Dodged            ||    26
